 Dungeon Crawl Stone Soup version 0.30.0 (webtiles) character file.

Game seed: 9649431760641910911

238 Ubbricas the Gusty (level 6, -5/53 HPs)
             Began as an Ogre Air Elementalist on May 17, 2023.
             Slain by Crazy Yiuf
             ... wielding a +4 quarterstaff of chaos
              (14 damage)
             ... while paralysed by Crazy Yiuf
             ... on level 3 of the Dungeon.
             The game lasted 00:07:02 (3399 turns).

Ubbricas the Gusty (Ogre Air Elementalist)          Turns: 3399, Time: 00:07:03

Health: -5/53      AC:  4    Str: 13    XL:     6   Next: 7%
Magic:  9/12       EV:  1    Int: 18    God:
Gold:   254        SH:  0    Dex:  9    Spells: 6/13 levels left

rFire   + . .        h - +1 dagger (elec)
rCold   . . .        s - orb {*channel}
rNeg    . . .        a - +1 robe
rPois   .            (helmet restricted)
rElec   .            (no cloak)
rCorr   .            (gloves unavailable)
SInv    +            (boots unavailable)
Will    .....        d - amulet of regeneration
Stlth   ++           k - ring of see invisible
HPRegen 1.08/turn    l - ring of protection from fire
MPRegen 0.13/turn

%: channel magic (20%)
@: paralysed, very slightly contaminated, hasted
A: large, unfitting armour, tough skin 1
a: no special abilities


You were on level 3 of the Dungeon.
You visited 1 branch of the dungeon, and saw 4 of its levels.

You collected 254 gold pieces.

Inventory:

Hand Weapons
 b - a +0 short sword
 h - a +1 dagger of electrocution (weapon)
Missiles
 t - 3 atropa-tipped darts
Armour
 a - a +1 robe (worn)
 s - an orb of energy (worn)
Jewellery
 d - an amulet of regeneration (around neck)
 j - a ring of fire
 k - a ring of see invisible (left hand)
 l - a ring of protection from fire (right hand)
Wands
 q - a wand of mindburst (11)
Scrolls
 e - a scroll of immolation {unknown}
 f - 3 scrolls of teleportation {unknown}
 i - a scroll of fog {unknown}
 o - a scroll of blinking {unknown}
 p - a scroll of enchant weapon {unknown}
Potions
 c - 2 potions of curing
 g - 3 potions of cancellation
 m - a potion of resistance
 n - a potion of might {unknown}
 r - a potion of flight {unknown}


   Skills:
 - Level 1.7 Dodging
 - Level 2.0 Stealth
 - Level 4.0 Spellcasting
 - Level 0.8 Conjurations
 * Level 5.1 Air Magic


You had 6 spell levels left.
You knew the following spells:

 Your Spells              Type           Power      Damage    Failure   Level
a - Shock                 Conj/Air       56%        1d6       13%         1
b - Static Discharge      Conj/Air       28%        2-4/arc   17%         2
c - Airstrike             Air            11%        2d(2-18)  38%         4

Your spell library contained the following spells:

 Spells                   Type           Power      Damage    Failure   Level
 Swiftness                Air            22%        N/A       16%         3
 Kiss of Death            Conj/Necr      20%        2d7       28%         1
 Beastly Appendage        Tmut           6%         N/A       32%         1
 Freeze                   Ice            12%        1d3       32%         1
 Necrotise                Necr           12%        1d4       32%         1
 Sublimation of Blood     Necr           3%         N/A       43%         2
 Wereblood                Tmut           3%         N/A       43%         2
 Hailstorm                Conj/Ice       5%         3d4       58%         3
 Confusing Touch          Hex            3%         N/A       63%         3
 Frozen Ramparts          Ice            6%         1d1       63%         3
 Spider Form              Tmut/Pois      3%         N/A       63%         3
 Vampiric Draining        Necr           3%         2d6       63%         3
 Dispel Undead            Necr           3%         3d7       93%         4
 Petrify                  Tmut/Erth      3%         N/A       93%         4
 Agony                    Necr           3%         N/A       99%         5
 Irradiate                Conj/Tmut      2%         3d12      99%         5


Dungeon Overview and Level Annotations

Branches:
Dungeon (4/15)
 Temple: D:4-7

Altars:
Wu Jian

Annotations:
D:3 Crazy Yiuf


Innate Abilities, Weirdness & Mutations

You are too large for most types of armour.
You have tough skin. (AC +1)


Message History

You miscast Airstrike.
You are very lightly contaminated with residual magic.
You feel a sudden electric shock! Magical energy flows into your mind!
Casting: Airstrike (quite dangerous; 38% risk of failure)
Confirm with . or Enter, or press ? or * to list all spells.
Crazy Yiuf is struck by an arc of lightning.
Crazy Yiuf is moderately wounded.
You are struck by an arc of lightning.
The lightning grounds out.
Crazy Yiuf barely misses you.
Unknown command.
Unknown command.
Casting: Static Discharge (safe; 17% risk of failure)
Confirm with . or Enter, or press ? or * to list all spells.
Crazy Yiuf is struck by an arc of lightning.
Crazy Yiuf is heavily wounded.
You are struck by an arc of lightning.
Crazy Yiuf is struck by an arc of lightning.
Crazy Yiuf is severely wounded.
The lightning grounds out.
Magical energy flows into your mind!
Crazy Yiuf says, "Rot tortoise hog!"
Crazy Yiuf hits you with a +4 quarterstaff of chaos.
Unknown command.
Casting: Static Discharge (safe; 17% risk of failure)
Confirm with . or Enter, or press ? or * to list all spells.
Crazy Yiuf is struck by an arc of lightning.
Crazy Yiuf is almost dead.
You are struck by an arc of lightning.
The lightning grounds out.
Crazy Yiuf says, "Cards broken rumpyflump!"
Crazy Yiuf hits you with a +4 quarterstaff of chaos!
You suddenly lose the ability to move!
Crazy Yiuf yells, "Cake rumpyflump pontify!"
Crazy Yiuf hits you with a +4 quarterstaff of chaos.
Crazy Yiuf hits you with a +4 quarterstaff of chaos!
* * * LOW HITPOINT WARNING * * *
You feel yourself speed up.
Crazy Yiuf hits you with a +4 quarterstaff of chaos!
* * * LOW HITPOINT WARNING * * *
Crazy Yiuf laughs, "Walk!
Spliff childish cower."
Crazy Yiuf hits you with a +4 quarterstaff of chaos!
You die...

#####.###.##.<........[##....##.
#.........####............##....
#.........# #.........##....#..
#......#### ##########.........
#......# #.####.... ####.###
#......... #.####♣♣ ###
#####..... #.#.#..♣♣ ♣♣#..)#
###... #.......♣♣♣♣@g...# ##...
###......♣..♣#...# #....
###...♣.♣♣♣ ### #.... ##♣♣♣♣♣
#.... ##... ##.. ###


You could see Crazy Yiuf.

Vanquished Creatures
  An ogre (D:3)
  2 hounds (D:4)
  4 adders
  2 worms
  3 dart slugs (D:3)
  4 orcs
  A bat (D:3)
  6 endoplasms
  A giant cockroach (D:4)
  7 hobgoblins
  A jackal (D:4)
  A quokka (D:3)
  6 ball pythons
  4 frilled lizards
  3 goblins
  A kobold (D:2)
  2 rats (D:1)
49 creatures vanquished.

Vanquished Creatures (others)
  4 fungi (D:3)
4 creatures vanquished.

Grand Total: 53 creatures vanquished

Notes
Turn   | Place    | Note
-------+----------+-------------------------------------------
     0 | D:1      | Ubbricas the Ogre Air Elementalist began the quest for the
                  | Orb.
     0 | D:1      | Reached XP level 1. HP: 16/16 MP: 3/3
   314 | D:1      | Found a faded altar of an unknown god.
   363 | D:1      | Reached XP level 2. HP: 22/24 MP: 2/5
   939 | D:2      | Found an ornate altar of the Wu Jian Council.
  1101 | D:2      | Learned a level 2 spell: Static Discharge
  1511 | D:2      | Reached XP level 3. HP: 31/31 MP: 1/7
  1664 | D:3      | Noticed an ogre
  2205 | D:4      | Noticed an orc warrior
  2285 | D:4      | Reached skill level 3 in Air Magic
  2285 | D:4      | Reached XP level 4. HP: 29/39 MP: 0/10
  2299 | D:3      | Learned a level 4 spell: Airstrike
  2758 | D:4      | Reached skill level 4 in Air Magic
  2758 | D:4      | Reached XP level 5. HP: 44/45 MP: 4/11
  3019 | D:3      | Found a runed translucent door.
  3020 | D:3      | Noticed Crazy Yiuf
  3216 | D:3      | Killed an ogre
  3217 | D:3      | Reached skill level 5 in Air Magic
  3217 | D:3      | Reached XP level 6. HP: 53/53 MP: 3/12
  3395 | D:3      | Paralysed by Crazy Yiuf for 5 turns
  3399 | D:3      | Slain by Crazy Yiuf

Illustrated notes

Levels and vault maps discovered:
D:1:      dpeg_arrival_erosion, layout_basic, basic_ecumenical_altar,
          serial_corexii_hall, corexii_hall_statues_i,
          corexii_hall_statues_deadend, chequers_hall_statues_wall_a,
          corexii_hall_statues_x
D:2:      layout_basic, serial_rivers, chequers_serial_rivers_small_3,
          chequers_serial_rivers_room_a, chequers_serial_rivers_micro_c,
          chequers_serial_rivers_micro_d, basic_altar,
          minmay_misc_feat_nine_boxes
D:3:      layout_rooms, kennysheep_cross_bottleneck, uniq_crazy_yiuf_cottage
D:4:      layout_layer_cave, minmay_temple_entry_waves,
          minmay_fractal_squares_diagonal_5, uniq_natasha

Skill      XL: |  1  2  3  4  5 |
---------------+----------------+-----
Stealth        | 2 |  2.0
Spellcasting   | 3 4 |  4.0
Air Magic      | 3 4 5 |  5.1
Dodging        | |  1.7
Conjurations   | |  0.8

Action                     |  1- 3 |  4- 6 || total
---------------------------+-------+-------++-------
  Melee: Dagger            |    18 |     1 ||    19
         Unarmed           |     1 |       ||     1
         Punch             |     1 |       ||     1
  Throw: Dart              |     4 |       ||     4
   Cast: Shock             |    74 |    36 ||   110
         Static Discharge  |     4 |     6 ||    10
         Airstrike         |       |     2 ||     2
    Use: Potion            |     1 |       ||     1
         Scroll            |     3 |     1 ||     4
 Armour: Robe              |     6 |     3 ||     9
  Dodge: Dodged            |    10 |     5 ||    15
